Map: Reclamation LE

Players

flashandfoul

  • Race: Zerg Zerg
  • League: Master
  • Spawn Location: 6:00

A.I. 1 (Very Easy)

  • Race: Protoss Protoss
  • Spawn Location: 5:00

A.I. 2 (Very Easy)

  • Race: Protoss Protoss
  • Spawn Location: 11:00

A.I. 3 (Very Easy)

  • Race: Protoss Protoss
  • Spawn Location: 12:00

VOD

Have the link to the VOD?

Description

Time

  • Played on: Jan. 3, 2026, 5:31 p.m.
  • Length: 6:47
Show
View Real Time Build Order
Export as new Build Order

flashandfoul Zerg 

Build Orders: Pool First 

Get SALT Encoding   

  6  0:00  Drone  
  13  0:11  Overlord  
  13  0:16  Drone  
  14  0:30  Drone x2  
  14  0:34  Drone  
  17  0:43  Extractor  
  17  0:44  Drone  
  17  0:49  Spawning Pool  
  16  0:55  Drone  
  17  1:07  Drone  
  18  1:18  Hatchery  
  17  1:21  Drone  
  18  1:36  Queen  
  18  1:38  Zergling x2  
  21  1:42  Zergling x2  
  22  1:48  Overlord  
  22  1:54  Metabolic Boost  
  22  2:06  Drone  
  23  2:12  Queen  
  23  2:15  Drone  
  26  2:32  Hatchery  
  26  2:35  Drone  
  26  2:39  Drone  
  26  2:40  Drone  
  28  2:45  Drone  
  28  2:46  Drone  
  28  2:49  Drone  
  31  2:52  Drone  
  31  2:57  Overlord  
  32  3:00  Drone  
  32  3:03  Drone  
  34  3:10  Queen  
  36  3:19  Drone  
  38  3:20  Drone  
  38  3:23  Drone x3  
  38  3:24  Drone  
  42  3:27  Drone  
  42  3:28  Drone  
  42  3:33  Spore Crawler  
  43  3:35  Spore Crawler  
  43  3:38  Drone  
  43  3:39  Drone  
  44  3:42  Overlord  
  44  3:46  Overlord  
  44  3:49  Drone  
  44  3:50  Drone  
  44  3:52  Drone  
  44  3:55  Drone x2  
  49  4:00  Evolution Chamber  
  49  4:01  Evolution Chamber  
  47  4:03  Drone  
  47  4:04  Drone  
  47  4:05  Drone  
  47  4:06  Drone  
  47  4:09  Drone  
  52  4:10  Drone  
  52  4:13  Spore Crawler  
  52  4:14  Drone  
  52  4:16  Drone  
  54  4:18  Drone  
  54  4:19  Drone  
  54  4:22  Overlord  
  56  4:27  Zerg Melee Weapons Level 1  
  56  4:30  Zerg Ground Armor Level 1  
  56  4:33  Overlord  
  56  4:34  Overlord  
  56  4:43  Drone  
  57  4:46  Hatchery  
  57  4:48  Queen  
  58  4:53  Drone  
  58  4:55  Drone x3  
  58  4:57  Drone x4  
  58  4:58  Drone  
  58  4:59  Drone  
  68  5:00  Drone  
  68  5:02  Drone  
  70  5:08  Lair  
  70  5:13  Hatchery  
  69  5:16  Extractor  
  69  5:19  Extractor  
  69  5:20  Overlord  
  67  5:21  Zergling x10  
  67  5:22  Zergling x2  
  67  5:26  Queen  
  75  5:32  Zergling x6  
  78  5:36  Zergling x6  
  78  5:37  Zergling x8  
  78  5:39  Overlord  
  78  5:41  Overlord  
  85  5:49  Overlord  
  85  5:50  Zergling x2, Overlord  
  85  5:51  Zergling x4  
  87  6:02  Zergling x8  
  91  6:08  Infestation Pit  
  90  6:13  Zergling x8  
  90  6:14  Zergling x12  
  90  6:16  Zergling x2  
  101  6:21  Zergling x2  
  101  6:22  Zergling x4  
  104  6:27  Zergling x2  
  104  6:28  Zergling x2  
Show
View Real Time Build Order
Export as new Build Order

A.I. 1 (Very Easy) Protoss 

Build Orders:  

Get SALT Encoding   

  6  0:00  Probe  
  13  0:13  Probe  
  14  0:19  Pylon  
  14  0:37  Assimilator  
  14  0:43  Gateway  
  14  0:47  Pylon  
  14  1:18  Assimilator  
  14  1:22  Zealot  
  14  1:31  Probe  
  17  1:34  Cybernetics Core  
  17  1:39  Probe  
  18  1:47  Probe  
  19  1:58  Probe  
  19  2:00  Warp Gate  
  20  2:06  Probe  
  20  2:14  Probe  
  22  2:35  Stalker  
  24  2:53  Probe  
Show
View Real Time Build Order
Export as new Build Order

A.I. 2 (Very Easy) Protoss 

Build Orders:  

Get SALT Encoding   

  6  0:01  Probe  
  13  0:13  Probe  
  14  0:19  Pylon  
  14  0:37  Assimilator  
  14  0:42  Gateway  
  14  0:45  Pylon  
  14  1:14  Assimilator  
  14  1:16  Probe  
  14  1:24  Probe  
  15  1:32  Probe  
  16  1:34  Cybernetics Core  
  17  1:43  Probe  
  18  1:55  Probe  
  18  2:00  Warp Gate  
  19  2:03  Probe  
  19  2:07  Stalker  
  22  5:29  Probe  
  22  5:35  Zealot  
  24  5:37  Pylon  
  24  5:38  Probe  
  24  5:40  Robotics Facility  
  25  5:46  Probe  
  25  5:56  Probe  
  25  6:08  Probe  
  26  6:15  Pylon  
  26  6:18  Probe  
  27  6:29  Zealot, Observer  
Show
View Real Time Build Order
Export as new Build Order

A.I. 3 (Very Easy) Protoss 

Build Orders:  

Get SALT Encoding   

  6  0:01  Probe  
  13  0:13  Probe  
  14  0:19  Pylon  
  14  0:36  Assimilator  
  14  0:42  Gateway  
  14  0:46  Pylon  
  14  1:13  Assimilator  
  14  1:16  Probe  
  14  1:24  Probe  
  15  1:32  Probe  
  16  1:33  Cybernetics Core  
  17  1:43  Probe  
  18  1:55  Probe  
  18  1:59  Warp Gate  
  19  2:03  Probe  
  19  2:07  Stalker  
  22  5:27  Zealot  
  24  5:29  Probe  
  24  5:30  Pylon  
  24  5:33  Robotics Facility  
  25  5:37  Probe  
  26  5:45  Probe  
  27  5:55  Probe  
  25  6:02  Pylon  
  26  6:08  Probe  
  27  6:16  Probe  
  27  6:19  Observer  
  27  6:22  Zealot  
Tags
 
Add a new tag
Caveats
  • Supply blocks, unpowered buildings, or Contaminate may cause inaccurate times.
  • Supply counts are checked every 10 seconds.